 Dungeon Crawl Stone Soup version 0.26-a0-597-gb535b0901c (webtiles) character file.

Game seed: 17762264390989679113

34 Lanoc the Cudgeler (level 3, 0/19 HPs)
             Began as a Vine Stalker Chaos Knight on Aug 28, 2020.
             Was a Plaything of Xom.
             Succumbed to an adder's poison
             ... on level 3 of the Dungeon.
             The game lasted 00:00:42 (945 turns).

Lanoc the Cudgeler (Vine Stalker Chaos Knight)       Turns: 945, Time: 00:00:43

Health: 0/19       AC:  5    Str: 14    XL:     3   Next: 31%
Magic:  4/4        EV: 11    Int: 12    God:    Xom [..*...]
Gold:   28         SH:  0    Dex: 14    Spells: 2/2 levels left

rFire    . . .     SeeInvis .   a - +0 mace (chaos)
rCold    . . .     Faith    .   (no shield)
rNeg     . . .     Spirit   +   b - +2 leather armour
rPois    .         Reflect  .   (no helmet)
rElec    .         Harm     .   (no cloak)
rCorr    .                      (no gloves)
MR       .....                  (no boots)
Stlth    +.........             (no amulet)
HPRegen  0.06/turn              (no ring)
MPRegen  0.09/turn              (no ring)

@: lethally poisoned (0 -> -8)
A: fangs 2, magic shield, antimagic bite, no potion heal 3, rot immunity
a: Renounce Religion


You were on level 3 of the Dungeon.
You worshipped Xom.
You were a toy of Xom.
You visited 1 branch of the dungeon, and saw 3 of its levels.

You collected 28 gold pieces.

Inventory:

Hand Weapons
 a - a +0 mace of chaos (weapon)
Armour
 b - a +2 leather armour (worn)
Scrolls
 c - a scroll of teleportation {unknown}
 d - 2 scrolls of enchant weapon {unknown}
 e - a scroll of blinking {unknown}
 f - a scroll of identify {unknown}


   Skills:
 + Level 2.9 Fighting
 * Level 3.2 Maces & Flails
 + Level 1.9 Armour
 + Level 1.2 Dodging


You had 2 spell levels left.
You didn't know any spells.
Your spell library was empty.

Dungeon Overview and Level Annotations

Branches:
Dungeon (3/15)

Altars:


Innate Abilities, Weirdness & Mutations

You have extremely sharp teeth.
When hurt, damage is shared between your health and your magic reserves.
Your bite disrupts and absorbs the magic of your enemies.
Potions cannot restore your health.
You are immune to rotting.


Message History

* * * LOW HITPOINT WARNING * * *
You feel sick.
You closely miss the adder.
The adder is moderately wounded.
The adder completely misses you. The adder barely misses you.
You hit the adder. Your bite misses the adder.
The adder is heavily wounded.
The adder misses you. The adder closely misses you.
You closely miss the adder. You bite the adder. You drain its power.
You feel invigorated.
The adder is severely wounded.
* * * LOW HITPOINT WARNING * * *
You feel sick. The adder bites you.
* * * LOW HITPOINT WARNING * * *
You are more poisoned.
The adder poisons you!
You closely miss the adder. Your bite misses the adder.
The adder is severely wounded.
You die...
Xom howls with laughter!

##########.
#.Ss....?..
#@#########
#(# #<# ###


You could see an adder and a giant cockroach.

Vanquished Creatures
  2 adders (D:2)
  A worm (D:2)
  A leopard gecko (D:2)
  A giant cockroach (D:2)
  3 hobgoblins
  A kobold (D:1)
  2 frilled lizards (D:2)
  3 rats
14 creatures vanquished.

Notes
Turn   | Place    | Note
-------+----------+-------------------------------------------
     0 | D:1      | Lanoc the Vine Stalker Chaos Knight began the quest for the
                  | Orb.
     0 | D:1      | Reached XP level 1. HP: 11/11 MP: 2/2
   488 | D:2      | Reached skill level 1 in Dodging
   488 | D:2      | Reached XP level 2. HP: 16/16 MP: 3/3
   495 | D:2      | Reached skill level 3 in Maces & Flails
   751 | D:2      | Reached XP level 3. HP: 14/19 MP: 2/4
   822 | D:2      | XOM: silly message
   945 | D:3      | Succumbed to an adder's poison

Illustrated notes

Levels and vault maps discovered:
D:1:      scummos_arrival_gate, layout_basic, minmay_misc_feat_more_columns
D:2:      layout_loops_ring, minmay_pentomino_p2, uniq_jessica, uniq_sigmund
D:3:      layout_basic, uniq_crazy_yiuf_cottage

Skill      XL: |  1  2 |
---------------+-------+-----
Dodging        | 1 |  1.2
Maces & Flails | 3 |  3.2
Fighting       | |  2.9
Armour         | |  1.9

Action                   || total
-------------------------++-------
Melee: Mace              ||    53
       Bite              ||    11
 Stab: Sleeping          ||     1
Armor: Leather armour    ||    12
Dodge: Dodged            ||    36

Table legend: (Time is in decaauts)
 A = Elapsed time spent in this place.
 B = Non-inter-level travel time spent in this place.
 C = Inter-level travel time spent in this place.
 D = Time resting spent in this place.
 E = Time spent auto-exploring this place.
 F = Levels seen in this place.
 G = Mean time per level.
                   A        B        C        D        E       F      G
               +--------+--------+--------+--------+--------+-----+--------+
         Total |    957 |    950 |      7 |      0 |    843 |   3 |  319.0 |
       Dungeon |    957 |    950 |      7 |      0 |    843 |   3 |  319.0 |
               +--------+--------+--------+--------+--------+-----+--------+

Top non-repeatable levels by time:
     D:1: 485 daAuts
     D:2: 454 daAuts
     D:3: 18 daAuts
